[Event "VII Famalicao Open 2019"]
[Site "Famalicao"]
[Date "2019.08.03"]
[Round "8.13"]
[White "Monteiro, Jose Macedo"]
[Black "Fidalgo, Daniel"]
[Result "1/2-1/2"]
[ECO "C01"]
[WhiteElo "1851"]
[BlackElo "2087"]
[Annotator "NA"]
[PlyCount "139"]
[EventDate "2019.07.28"]
[EventType "swiss"]
[EventCountry "POR"]
[SourceTitle "playchess.com"]
[Source "ChessBase"]
[SourceQuality "1"]
[TimeControl "5400+30"]

1. e4 e6 2. d4 d5 3. exd5 exd5 4. Bd3 Bd6 5. Qf3 h6 (5... c6 6. Ne2 Qf6 7. Bf4 Bxf4 8. Qxf4 Qxf4 9. Nxf4 Ne7 10. Kd2 Bf5 11. Re1 Bxd3 12. Nxd3 Nd7 13. Nc3 f6 14. Na4 Kf7 15. Nac5 Nxc5 16. Nxc5 {½-½ (23) Bortnyk,O (2566)-Bernadskiy,V (2514) Kishinev 2017}) 6. Nc3 {[%emt 0:00:52] C01: French: Exchange Variation} c6 7. Nge2 Nf6 8. h3 Nbd7 $146 ({Predecessor:} 8... Be6 9. Bf4 Qc7 10. O-O-O Nbd7 11. Bxd6 Qxd6 12. Nf4 O-O-O 13. Nxe6 fxe6 {1-0 (35) Flores Bartoli,A (1762)-Khumalo,K (1552) Bloemfontein 2016}) 9. O-O Nf8 10. Re1 Ne6 11. Ng3 O-O 12. Nf5 Ng5 13. Bxg5 hxg5 14. Ne2 g6 (14... Bc7 $15) 15. Nxd6 Qxd6 16. Qg3 Qxg3 17. Nxg3 Re8 18. Rxe8+ Nxe8 19. Re1 Kf8 20. Re5 f6 21. Re1 f5 22. Nf1 Nd6 23. Nd2 Bd7 24. Nf3 Nf7 $1 25. h4 gxh4 26. Nxh4 Kg7 27. f4 Kf6 28. Nf3 Re8 29. Ne5 Re7 30. Kf2 Nd8 31. c3 Ne6 32. g3 Rh7 33. Kg2 Be8 34. Nf3 Rh8 35. Ng5 Bd7 36. Nxe6 Bxe6 37. Rh1 Re8 38. Rh7 Bf7 39. Kf2 b6 40. Rh1 c5 41. Re1 Rc8 42. Re2 c4 43. Bc2 b5 44. a3 a5 45. Re1 Rb8 46. Ra1 b4 47. axb4 axb4 48. Ra6+ Kg7 49. Ke3 b3 50. Bd1 Rh8 51. Ra1 $11 Rh3 52. Kf3 Rh2 53. Be2 g5 54. Ke3 gxf4+ 55. gxf4 Bh5 56. Bxh5 Rxh5 57. Rg1+ Kh6 58. Kf3 Rh2 59. Rg2 Rh1 60. Kg3 Rc1 61. Rh2+ Kg6 62. Re2 Rc2 63. Re6+ Kf7 64. Re5 Rxb2 65. Rxd5 Rc2 66. Rxf5+ Kg6 67. Rc5 Rxc3+ {[%emt 0:01:37] Rb5 Rd3+} 68. Kg4 Kf7 {[%emt 0:00:14] Rb6 Rxd4} 69. Kf5 Ke8 {[%emt 0:00:03] Rb7 Rd8} 70. Ke5 {[%emt 0:00:00] Rc8 f5 Rc6 Kd5 c3 Rxb3 c2} 1/2-1/2

[Event "VII Famalicao Open 2019"]
[Site "Famalicao"]
[Date "2019.08.02"]
[Round "8.14"]
[White "Gama, Joao Paulo Antunes D"]
[Black "Fernandes, Joao Pedro"]
[Result "0-1"]
[ECO "B30"]
[WhiteElo "1819"]
[BlackElo "2080"]
[Annotator "NA RC"]
[PlyCount "90"]
[EventDate "2019.07.28"]
[EventType "swiss"]
[EventCountry "POR"]
[SourceTitle "playchess.com"]
[Source "ChessBase"]
[SourceQuality "1"]
[TimeControl "5400+30"]

1. e4 c5 2. Nf3 Nc6 3. Bb5 e6 4. O-O Nge7 5. Re1 a6 6. Bf1 d5 7. exd5 Qxd5 8. Nc3 Qd8 {[%emt 0:00:28] B30: Sicilian: 2...Nc6 3 Bb5, lines without ...g6} 9. d3 Nf5 10. Bf4 Be7 11. h3 O-O 12. a4 f6 13. Bh2 e5 14. Ne4 {[%emt 0:06:16] [#]} Be6 $146 ({Predecessor:} 14... Nh6 15. c3 Nf7 16. Qc2 {0-1 (38) Peiter,A (2055)-Nijboer,F (2555) Leiden 2011}) 15. c3 Rb8 16. Qc2 b5 17. axb5 axb5 18. Ra6 Rb6 19. Rea1 {[%emt 0:00:54] [#]} Rxa6 ({Black should play} 19... Nfd4 $1 $17 20. Nxd4 (20. cxd4 Nb4 $15) 20... cxd4) 20. Rxa6 Qc8 21. Ra1 Qb7 22. g4 Nh6 23. Bg2 Qb6 24. Ned2 ({Better is} 24. Qe2 $11) 24... Nf7 25. Nf1 Rd8 26. Ne3 c4 27. dxc4 bxc4 28. Nd2 Na5 29. Rd1 Bc5 30. Ndf1 Rxd1 31. Nxd1 Bd7 32. Nfe3 Bc6 33. Nd5 Qb7 34. N1e3 Bxe3 35. Nxe3 Bxg2 36. Nxg2 Ng5 37. Qa4 Nf3+ 38. Kh1 h6 (38... Qa8 $17 39. Bg3 {[#]} h5 $1 ) 39. Qd1 Nh4 40. Qf1 {[%emt 0:00:13] [#]} Nb3 $1 41. Bg3 $19 (41. f4 {was forced.} Nd2 42. Qf2 Nxg2 43. Qxg2 Qxb2 44. fxe5 fxe5 45. Qd5+ Kh8 46. Bxe5 Qa1+ 47. Kg2 Qf1+ 48. Kh2) 41... Nd2 42. Qg1 Nhf3 43. Qc1 h5 44. gxh5 Qd7 45. Bh2 Qxh3 0-1

[Event "VII Famalicao Open 2019"]
[Site "Famalicao"]
[Date "2019.08.03"]
[Round "9.1"]
[White "Galego, Luis"]
[Black "Grigoryan, Karen H."]
[Result "0-1"]
[ECO "B50"]
[WhiteElo "2513"]
[BlackElo "2549"]
[Annotator "ChessBase"]
[PlyCount "102"]
[EventDate "2019.07.28"]
[EventType "swiss"]
[EventCountry "POR"]
[SourceTitle "playchess.com"]
[Source "ChessBase"]
[SourceQuality "1"]
[TimeControl "5400+30"]

1. e4 c5 2. Nf3 d6 3. c3 Nf6 4. Bb5+ Bd7 5. Bxd7+ Qxd7 6. d3 e6 7. O-O Be7 8. Bg5 h6 9. Bxf6 Bxf6 10. d4 cxd4 11. cxd4 O-O 12. Nc3 Nc6 13. Rc1 d5 14. exd5 exd5 15. Qd3 Rfe8 16. Rfd1 Re6 17. g3 Bg5 18. Rb1 Nb4 19. Qb5 Qxb5 20. Nxb5 Rd8 21. Nc3 Bf6 22. Rbc1 g5 23. h3 h5 24. Kg2 g4 25. hxg4 hxg4 26. Ne5 Bxe5 27. dxe5 d4 28. Ne4 Rxe5 29. Nf6+ Kg7 30. Nxg4 Rg5 31. Nh2 Nxa2 32. Ra1 Ra5 33. Nf3 d3 34. Rd2 b6 35. b3 Nb4 36. Rxa5 bxa5 37. Rd1 Kf6 38. Ra1 Nc2 39. Rd1 Kf5 40. Nd2 Ke5 41. Nf3+ Ke4 42. Rh1 d2 43. Rd1 Ne3+ 44. fxe3 Kxe3 45. Ng1 Rc8 46. Rf1 Rc2 47. Kh3 Rc1 48. Rf3+ Ke4 49. Rf4+ Kd3 50. Rf3+ Kc2 51. Ne2 Rh1+ 0-1

[Event "VII Famalicao Open 2019"]
[Site "Famalicao"]
[Date "2019.08.03"]
[Round "9.2"]
[White "Spraggett, Kevin"]
[Black "Pinho, Paulo"]
[Result "1-0"]
[ECO "B41"]
[WhiteElo "2511"]
[BlackElo "2200"]
[Annotator "ChessBase"]
[PlyCount "72"]
[EventDate "2019.07.28"]
[EventType "swiss"]
[EventCountry "POR"]
[SourceTitle "playchess.com"]
[Source "ChessBase"]
[SourceQuality "1"]
[TimeControl "5400+30"]

1. e4 c5 2. Nf3 e6 3. d4 cxd4 4. Nxd4 a6 5. c4 b6 6. Nc3 Bb7 7. Bd3 d6 8. O-O Nf6 9. Qe2 Nbd7 10. f4 Be7 11. Bd2 Qc7 12. Rac1 O-O 13. b4 Rfe8 14. Nf3 Rac8 15. a3 Bf8 16. Kh1 Qb8 17. Rce1 g6 18. e5 Nh5 19. Be4 f5 20. exf6 Ndxf6 21. Bb1 Bh6 22. Ng5 Ng7 23. Ba2 Qc7 24. Qd3 Qc6 25. Qh3 Bxg5 26. fxg5 Nfh5 27. Ne4 Nf5 28. Kg1 Rf8 29. Qd3 b5 30. cxb5 Qb6+ 31. Be3 Nxe3 32. Bxe6+ Kg7 33. Qxe3 Rxf1+ 34. Kxf1 Qxb5+ 35. Kg1 Rc2 36. Rf1 Qb6 1-0

[Event "VII Famalicao Open 2019"]
[Site "Famalicao"]
[Date "2019.08.03"]
[Round "9.3"]
[White "Vassallo Barroche, Mauricio"]
[Black "Martinez Duany, Lelys Stanley"]
[Result "0-1"]
[ECO "A48"]
[WhiteElo "2380"]
[BlackElo "2535"]
[Annotator "ChessBase"]
[PlyCount "74"]
[EventDate "2019.07.28"]
[EventType "swiss"]
[EventCountry "POR"]
[SourceTitle "playchess.com"]
[Source "ChessBase"]
[SourceQuality "1"]
[TimeControl "5400+30"]

1. d4 Nf6 2. Nf3 g6 3. Nc3 d5 4. Bf4 Bg7 5. e3 c6 6. Be2 Nbd7 7. Ne5 Qb6 8. Rb1 O-O 9. O-O Nxe5 10. Bxe5 a5 11. h3 a4 12. a3 Re8 13. Bf3 Qa5 14. Qe2 Bf5 15. g4 Be6 16. Bg2 h5 17. g5 Ne4 18. Nxe4 dxe4 19. Bxg7 Kxg7 20. h4 f6 21. f4 exf3 22. gxf6+ exf6 23. Qxf3 Qd8 24. Qf4 Bd5 25. Rf2 f5 26. Re1 Bxg2 27. Rxg2 Qf6 28. Rf1 Rf8 29. Rf3 Kh7 30. Rfg3 Rg8 31. Rf2 Rae8 32. c3 Qd8 33. Rg5 Re4 34. Qg3 Qb8 35. Rf4 Rxf4 36. exf4 Qe8 37. Kf2 Rg7 0-1

[Event "VII Famalicao Open 2019"]
[Site "Famalicao"]
[Date "2019.08.03"]
[Round "9.4"]
[White "Petkov, Vladimir"]
[Black "Campora, Daniel H."]
[Result "1/2-1/2"]
[ECO "D20"]
[WhiteElo "2497"]
[BlackElo "2420"]
[Annotator "ChessBase"]
[PlyCount "24"]
[EventDate "2019.07.28"]
[EventType "swiss"]
[EventCountry "POR"]
[SourceTitle "playchess.com"]
[Source "ChessBase"]
[SourceQuality "1"]
[TimeControl "5400+30"]

1. d4 d5 2. c4 dxc4 3. e4 Nf6 4. e5 Nd5 5. Bxc4 Nb6 6. Bb3 Nc6 7. Nf3 Bg4 8. Ng5 Bxd1 9. Bxf7+ Kd7 10. Be6+ Ke8 11. Bf7+ Kd7 12. Be6+ Ke8 1/2-1/2

[Event "VII Famalicao Open 2019"]
[Site "Famalicao"]
[Date "2019.08.03"]
[Round "9.5"]
[White "Cori T., Deysi"]
[Black "Fernandes, Miguel"]
[Result "1-0"]
[ECO "D45"]
[WhiteElo "2405"]
[BlackElo "2118"]
[Annotator "NA"]
[PlyCount "69"]
[EventDate "2019.07.28"]
[EventType "swiss"]
[EventCountry "POR"]
[SourceTitle "playchess.com"]
[Source "ChessBase"]
[SourceQuality "1"]
[TimeControl "5400+30"]

1. d4 d5 2. c4 c6 3. Nc3 Nf6 4. Nf3 e6 5. e3 Nbd7 6. Qc2 Bd6 7. Be2 O-O 8. b3 e5 9. Bb2 e4 10. Nd2 a6 11. g4 b5 12. cxd5 cxd5 13. g5 b4 14. Na4 Ne8 15. Qc6 Ra7 16. Qxd5 Rc7 17. Bc4 Bb7 18. Qf5 Be7 19. h4 Nd6 20. Qa5 Nb8 21. Nc5 Nxc4 22. Nxc4 Bxc5 23. dxc5 Nc6 24. Qb6 Qe7 25. Rd1 Ba8 26. Bf6 gxf6 27. gxf6 Qd7 28. Rxd7 Rxd7 29. Nd6 Ne5 30. Ke2 Rfd8 31. Rg1+ Kh8 32. Rg5 Nc6 33. Rg7 Ne5 34. Nxf7+ Nxf7 35. Rxf7 1-0

[Event "VII Famalicao Open 2019"]
[Site "Famalicao"]
[Date "2019.08.03"]
[Round "9.6"]
[White "Pintor, Simao"]
[Black "Forgas Moreno, Yaniela"]
[Result "1-0"]
[ECO "B90"]
[WhiteElo "2082"]
[BlackElo "2272"]
[Annotator "NA"]
[PlyCount "125"]
[EventDate "2019.07.28"]
[EventType "swiss"]
[EventCountry "POR"]
[SourceTitle "playchess.com"]
[Source "ChessBase"]
[SourceQuality "1"]
[TimeControl "5400+30"]

1. e4 c5 2. Nf3 d6 3. d4 cxd4 4. Nxd4 Nf6 5. Nc3 a6 6. Be3 e5 7. Nf3 Be7 8. Bc4 Be6 9. Bxe6 fxe6 10. Ng5 Qd7 11. Qf3 Nc6 12. O-O-O O-O 13. Qh3 Nd8 14. Bb6 Re8 15. f4 Qc6 16. Bxd8 Bxd8 17. Nxe6 Ba5 18. Nd5 Nxe4 19. Qg4 Qd7 20. f5 Nf2 21. Nf6+ Kh8 22. Nxd7 Nxg4 23. Rxd6 Ne3 24. f6 gxf6 25. Nxf6 Re7 26. c3 Nc4 27. Rd7 Rxd7 28. Nxd7 Re8 29. Nec5 Bd8 30. Ne4 Re7 31. Ndf6 Ne3 32. g4 Rg7 33. g5 h6 34. h4 Bb6 35. gxh6 Rg6 36. Rh3 Nf5 37. h5 Rg2 38. Rd3 Nxh6 39. Rd7 Rg7 40. Rd6 Be3+ 41. Kc2 Rg2+ 42. Kd3 Bf4 43. Rd7 Rg7 44. Rd8+ Ng8 45. Nd6 Rg3+ 46. Ke4 Kg7 47. Nf5+ Kf7 48. Nxg3 Nxf6+ 49. Kf3 Bxg3 50. Kxg3 Nxh5+ 51. Kg4 Nf4 52. Kf5 Ke7 53. Rb8 Nd3 54. Rxb7+ Kd6 55. b4 Kd5 56. Rd7+ Kc4 57. Ke4 Nf2+ 58. Ke3 Ng4+ 59. Kf3 Nf6 60. Rd6 e4+ 61. Ke2 Ng4 62. Rxa6 Kxc3 63. b5 1-0

[Event "VII Famalicao Open 2019"]
[Site "Famalicao"]
[Date "2019.08.03"]
[Round "9.7"]
[White "Fidalgo, Andre Neves"]
[Black "Dias, Ivo"]
[Result "1/2-1/2"]
[ECO "A46"]
[WhiteElo "2262"]
[BlackElo "2121"]
[Annotator "NA"]
[PlyCount "52"]
[EventDate "2019.07.28"]
[EventType "swiss"]
[EventCountry "POR"]
[SourceTitle "playchess.com"]
[Source "ChessBase"]
[SourceQuality "1"]
[TimeControl "5400+30"]

1. d4 Nf6 2. Nf3 e6 3. g3 c5 4. Bg2 cxd4 5. Nxd4 d5 6. O-O e5 7. Nb3 Be7 8. Bg5 Nbd7 9. Nc3 d4 10. Bxf6 Nxf6 11. Na4 Qc7 12. c3 Bd7 13. Nd2 Qa5 14. b3 Bxa4 15. bxa4 dxc3 16. Nc4 Qc7 17. Qb3 Rc8 18. Ne3 O-O 19. Rfc1 b6 20. Bh3 Rcd8 21. Rxc3 Bc5 22. Rac1 Qe7 23. Bg2 Qc7 24. Bh3 Qe7 25. Bg2 Qc7 26. Bh3 Qe7 1/2-1/2

[Event "VII Famalicao Open 2019"]
[Site "Famalicao"]
[Date "2019.08.03"]
[Round "9.8"]
[White "Damaso, Rui"]
[Black "Tadevosyan, Aspet"]
[Result "1-0"]
[ECO "B90"]
[WhiteElo "2425"]
[BlackElo "2144"]
[Annotator "NA"]
[PlyCount "65"]
[EventDate "2019.07.28"]
[EventType "swiss"]
[EventCountry "POR"]
[SourceTitle "playchess.com"]
[Source "ChessBase"]
[SourceQuality "1"]
[TimeControl "5400+30"]

1. e4 c5 2. Nc3 d6 3. Nf3 Nf6 4. d4 cxd4 5. Nxd4 a6 6. Be3 e5 7. Nf3 Qc7 8. a4 Be7 9. a5 O-O 10. Bb6 Qc6 11. Ra4 Be6 12. Ng5 Nbd7 13. Nxe6 Nxb6 14. axb6 fxe6 15. Bc4 Qd7 16. Qd3 Rfe8 17. Bb3 Bf8 18. O-O Qc6 19. Qh3 Kf7 20. Qe3 Kg8 21. Rc4 Qd7 22. Ba4 Qd8 23. Bxe8 Qxe8 24. Rc7 d5 25. exd5 exd5 26. Qe2 Rb8 27. Rd1 Qe6 28. Qd3 d4 29. Ne4 Qxb6 30. Qc4+ Kh8 31. Ng5 h6 32. Nf7+ Kh7 33. Nxe5 1-0

[Event "VII Famalicao Open 2019"]
[Site "Famalicao"]
[Date "2019.08.03"]
[Round "9.9"]
[White "Fernandes, Antonio"]
[Black "Pinheiro, Albano"]
[Result "1-0"]
[ECO "B31"]
[WhiteElo "2376"]
[BlackElo "1989"]
[Annotator "NA RC"]
[PlyCount "125"]
[EventDate "2019.07.28"]
[EventType "swiss"]
[EventCountry "POR"]
[SourceTitle "playchess.com"]
[Source "ChessBase"]
[SourceQuality "1"]
[TimeControl "5400+30"]

1. e4 c5 2. Nf3 Nc6 3. Bb5 g6 4. O-O Bg7 5. Re1 e5 6. c3 Nge7 7. d4 cxd4 8. cxd4 exd4 9. Bf4 a6 10. Ba4 b5 11. Bb3 d6 12. Na3 O-O 13. h3 d5 14. e5 Be6 15. Nc2 Rc8 16. Ncxd4 Nxd4 17. Nxd4 Nc6 18. Nxc6 Rxc6 19. Qd2 Qc7 20. Rac1 Rd8 21. Bg5 Rd7 22. Rxc6 Qxc6 23. Qd4 Qb7 24. Rc1 Rc7 25. Rd1 Rd7 26. Be3 h5 27. f3 Qb8 28. f4 Qb7 29. Rd2 Bf8 30. Bd1 Rc7 31. Rc2 Rxc2 32. Bxc2 Qc6 33. Bd3 Qc7 34. Kf2 Be7 35. a3 Kf8 36. Ke2 Ke8 37. Kf3 Kf8 38. Qb6 Qxb6 39. Bxb6 Ke8 40. g4 hxg4+ 41. hxg4 Bd7 42. f5 gxf5 43. gxf5 f6 44. e6 Bc6 45. Bd4 Kd8 46. Bb1 Ke8 47. b4 Kf8 48. Ba2 Kg7 49. Ke3 Bd6 50. Kd3 Be5 51. Bb3 Bb7 52. Bd1 Kf8 53. Bc5+ Kg7 54. Bh5 Bc8 55. Ke2 Kh6 56. e7 Bd7 57. e8=Q Bxe8 58. Bxe8 Kg5 59. Bc6 Bb2 60. Bxd5 Bxa3 61. Bb7 a5 62. Be3+ Kxf5 63. bxa5 1-0

[Event "VII Famalicao Open 2019"]
[Site "Famalicao"]
[Date "2019.08.03"]
[Round "9.10"]
[White "Santos, Jose Guilherme B Lim"]
[Black "Martins, Diogo Faria Oliveira"]
[Result "1-0"]
[ECO "B36"]
[WhiteElo "2155"]
[BlackElo "1984"]
[Annotator "NA"]
[PlyCount "133"]
[EventDate "2019.07.28"]
[EventType "swiss"]
[EventCountry "POR"]
[SourceTitle "playchess.com"]
[Source "ChessBase"]
[SourceQuality "1"]
[TimeControl "5400+30"]

1. e4 c5 2. Nf3 g6 3. c4 Nc6 4. d4 cxd4 5. Nxd4 Nf6 6. Nc3 Nxd4 7. Qxd4 d6 8. Be3 Bg7 9. f3 O-O 10. Qd2 a5 11. Be2 a4 12. O-O Qa5 13. Rac1 Be6 14. Nd5 Qxd2 15. Nxe7+ Kh8 16. Bxd2 Rfe8 17. Nd5 Nxd5 18. cxd5 Bxd5 19. Bb5 Re5 20. Bc3 Bxa2 21. Bxe5 Bxe5 22. Rc2 Ra5 23. Be2 b5 24. f4 Bd4+ 25. Kh1 b4 26. Rd1 Bc5 27. Bc4 b3 28. Rc3 Bb4 29. Rcd3 f6 30. Rd5 Rxd5 31. Bxd5 Kg7 32. Rd4 a3 33. bxa3 Bxa3 34. Rd1 Bb2 35. g3 f5 36. exf5 gxf5 37. Kg1 Kf6 38. Kf2 Ke7 39. Ke3 Ba3 40. Rd3 Bc5+ 41. Ke2 h6 42. Bxb3 Bb1 43. Rd1 Be4 44. Bc4 Bc6 45. Bd5 Bb5+ 46. Kf3 Kf6 47. Ra1 Be8 48. h3 h5 49. Ra8 Bb5 50. Kg2 Be3 51. Rh8 Kg6 52. Bf3 h4 53. Rxh4 Bd4 54. Rh5 Bc4 55. Rg5+ Kf6 56. g4 Be6 57. Be2 Be3 58. Kf3 Bc1 59. Bd3 fxg4+ 60. hxg4 Bb3 61. Rb5 Bd1+ 62. Kg3 Bd2 63. g5+ Ke7 64. Rb1 Bh5 65. g6 Kf6 66. Rh1 Bxg6 67. Rh6 1-0

[Event "VII Famalicao Open 2019"]
[Site "Famalicao"]
[Date "2019.08.03"]
[Round "9.11"]
[White "Rodrigues, Afonso"]
[Black "Ribeiro, Bruno"]
[Result "1-0"]
[ECO "D00"]
[WhiteElo "2134"]
[BlackElo "2102"]
[Annotator "NA"]
[PlyCount "54"]
[EventDate "2019.07.28"]
[EventType "swiss"]
[EventCountry "POR"]
[SourceTitle "playchess.com"]
[Source "ChessBase"]
[SourceQuality "1"]
[TimeControl "5400+30"]

1. d4 d5 2. Bf4 Nf6 3. e3 c5 4. c3 Nc6 5. Nd2 e6 6. Ngf3 cxd4 7. exd4 Nh5 8. Bg5 f6 9. Bh4 Bd6 10. Bg3 Nxg3 11. hxg3 e5 12. dxe5 fxe5 13. Nb3 e4 14. Nfd4 e3 15. f4 Qf6 16. Bd3 g6 17. Qf3 O-O 18. Qxd5+ Kg7 19. O-O-O Bg4 20. Be2 Ne7 21. Qb5 a6 22. Qd3 Bd7 23. Nf3 Nf5 24. Ng5 Bb5 25. Rxh7+ Kg8 26. Qd5+ Rf7 27. Rxf7 Nh6 1-0

[Event "VII Famalicao Open 2019"]
[Site "Famalicao"]
[Date "2019.08.03"]
[Round "9.12"]
[White "Dumont, Andre"]
[Black "Fidalgo, Daniel"]
[Result "0-1"]
[ECO "A48"]
[WhiteElo "1948"]
[BlackElo "2087"]
[Annotator "NA"]
[PlyCount "62"]
[EventDate "2019.07.28"]
[EventType "swiss"]
[EventCountry "POR"]
[SourceTitle "playchess.com"]
[Source "ChessBase"]
[SourceQuality "1"]
[TimeControl "5400+30"]

1. d4 Nf6 2. Nf3 g6 3. b3 Bg7 4. Bb2 c5 5. e3 O-O 6. Be2 d5 7. O-O cxd4 8. exd4 Nc6 9. Nbd2 Bf5 10. c4 Rc8 11. c5 Ne4 12. a3 Nxc5 13. dxc5 Bxb2 14. b4 Bxa1 15. Qxa1 Bg4 16. Re1 e6 17. Bb5 Bxf3 18. Bxc6 Rxc6 19. Nxf3 Rc8 20. Qd4 Re8 21. Qg4 Qf6 22. Ne5 Qf5 23. Qd4 f6 24. Nd7 Kg7 25. g4 e5 26. Qxd5 Qxg4+ 27. Kh1 Rcd8 28. Nxf6 Kxf6 29. Qxb7 Qd7 30. Qf3+ Kg7 31. Qc3 Qd2 0-1

[Event "VII Famalicao Open 2019"]
[Site "Famalicao"]
[Date "2019.08.03"]
[Round "9.13"]
[White "Fernandes, Joao Pedro"]
[Black "Silva, Mariana Sofia T."]
[Result "1-0"]
[ECO "B35"]
[WhiteElo "2080"]
[BlackElo "1872"]
[Annotator "NA"]
[PlyCount "57"]
[EventDate "2019.07.28"]
[EventType "swiss"]
[EventCountry "POR"]
[SourceTitle "playchess.com"]
[Source "ChessBase"]
[SourceQuality "1"]
[TimeControl "5400+30"]

1. e4 c5 2. Nf3 g6 3. d4 cxd4 4. Nxd4 Nc6 5. Nc3 Bg7 6. Be3 Nf6 7. Bc4 O-O 8. Bb3 Re8 9. O-O d6 10. h3 Na5 11. Qd2 b6 12. Bh6 Bh8 13. f4 Nxb3 14. axb3 Bb7 15. Rae1 Qc8 16. e5 Nd5 17. Nxd5 Bxd5 18. c4 Bb7 19. Qf2 Qc5 20. f5 Bxe5 21. fxg6 fxg6 22. Rxe5 Qxe5 23. Qf7+ Kh8 24. Ne6 Rg8 25. Ng5 Qd4+ 26. Kh1 Bxg2+ 27. Kxg2 Qxb2+ 28. Kh1 Rg7 29. Qf8+ 1-0

[Event "VII Famalicao Open 2019"]
[Site "Famalicao"]
[Date "2019.08.03"]
[Round "9.14"]
[White "Furtado, Dinis"]
[Black "Fernandes, Ricardo Paulos"]
[Result "0-1"]
[ECO "A05"]
[WhiteElo "1775"]
[BlackElo "2007"]
[Annotator "NA"]
[PlyCount "154"]
[EventDate "2019.07.28"]
[EventType "swiss"]
[EventCountry "POR"]
[SourceTitle "playchess.com"]
[Source "ChessBase"]
[SourceQuality "1"]
[TimeControl "5400+30"]

1. Nf3 Nf6 2. g3 g6 3. Bg2 Bg7 4. O-O O-O 5. Re1 d6 6. d4 Nbd7 7. e4 e5 8. c3 Qe8 9. h3 Nh5 10. Be3 h6 11. Nh4 Nb6 12. Nd2 Kh7 13. Bf3 Nf6 14. dxe5 dxe5 15. Bg2 Qe7 16. Qe2 Be6 17. b3 Nfd7 18. Rac1 Rad8 19. Kh2 c6 20. Bf1 c5 21. c4 Nb8 22. Nb1 Nc6 23. Nc3 Nd4 24. Bxd4 cxd4 25. Nd5 Bxd5 26. exd5 f5 27. Rcd1 Qc5 28. Qd2 e4 29. f4 a5 30. Qc2 Nxd5 31. Rxe4 Nb4 32. Qg2 fxe4 33. Qxe4 Qc6 34. Qb1 Qd6 35. a3 Na6 36. Nxg6 Rf6 37. Ne5+ Kg8 38. Bg2 Nc7 39. Bxb7 Re6 40. Qe4 Bxe5 41. fxe5 Qxe5 42. Qg4+ Qg5 43. Rxd4 Rxd4 44. Qxd4 Re3 45. Qd6 Qe5 46. Qg6+ Qg7 47. Qd6 Ne8 48. Qf4 Re7 49. Bg2 Nf6 50. c5 Nh5 51. Qd6 Qxg3+ 52. Qxg3+ Nxg3 53. Kxg3 Re3+ 54. Kf4 Re7 55. Bd5+ Kf8 56. c6 Ke8 57. b4 Kd8 58. b5 Kc7 59. a4 Re1 60. Be4 Rc1 61. Bd3 Rc5 62. h4 Rd5 63. Ke3 Rh5 64. Kd4 Rxh4+ 65. Be4 Rh5 66. Bd5 Kb6 67. Be4 Rg5 68. Bf3 h5 69. Ke4 Rc5 70. Kd4 h4 71. Ke3 h3 72. Kf2 Rg5 73. Kf1 Rf5 74. Ke2 h2 75. Bh1 Rg5 76. Kf2 Rg1 77. Bf3 h1=Q 0-1